 Dungeon Crawl Stone Soup version 0.15.1 (webtiles) character file.

894 DrPain the Slicer (level 8, 0/51 HPs)
             Began as a Halfling Fighter on Sept 18, 2014.
             Slain by Phlounder's ghost (2 damage)
             ... on Level 7 of the Dungeon.
             The game lasted 00:23:22 (7558 turns).

DrPain the Slicer (Halfling Fighter)                Turns: 7558, Time: 00:23:22

HP   0/51        AC 12     Str 21      XL: 8   Next: 27%
MP   8/8         EV 10     Int  9      God:
Gold 340         SH  6     Dex 14      Spells:  1 memorised,  5 levels left

rFire  + . .     SeeInvis .     w - +0 cutlass
rCold  x . .     Clarity  .     b - +0 scale mail
rNeg   + . .     rCorr    .     c - +0 buckler
rPois  +         rRot     .     j - +1 helmet
rElec  .         Spirit   .     s - +0 cloak {MR+}
SustAb .         Warding  +     r - +0 pair of gloves
rMut   .         Stasis   .     A - +0 pair of boots
Gourm  .                        o - amulet of warding
MR     +....                    p - ring of fire
                                a - ring of poison resistance

@: mighty, somewhat resistant to hostile enchantments, extremely unstealthy
A: mutation resistance 1
a: no special abilities


You were on level 7 of the Dungeon.
You were not hungry.

You visited 1 branch of the dungeon, and saw 7 of its levels.

You collected 340 gold pieces.

Inventory:

Hand weapons
 f - a +0 hunting sling
 v - a +0 dagger of venom
 w - a +0 cutlass (weapon)
 W - a +0 flail
Missiles
 i - 215 stones (quivered)
 u - 8 needles of confusion
Armour
 b - a +0 scale mail (worn)
 c - a +0 buckler (worn)
 h - a +2 leather armour of cold resistance
 j - a +1 helmet (worn)
 r - a +0 pair of gloves (worn)
 s - a +0 cloak of magic resistance (worn)
 A - a +0 pair of boots (worn)
Magical devices
 x - a wand of lightning (0)
 y - a wand of fireball (1)
Comestibles
 d - 2 bread rations
 n - 3 fruits
 t - a slice of pizza
 D - 2 chunks of goliath beetle flesh
Scrolls
 g - a scroll of amnesia
 m - a scroll of enchant weapon {unknown}
 C - 3 scrolls of identify
Jewellery
 a - a ring of poison resistance (left hand)
 o - an amulet of warding (around neck)
 p - a ring of fire (right hand)
 q - an uncursed ring of teleportation
Potions
 k - 3 potions of curing
 B - a potion of degeneration {unknown}
Books
 l - a book of Transfigurations

   Spells                             Type                      Level
   Stoneskin                          Transmutation/Earth          2
   Ice Form                           Ice/Transmutation            4
   Statue Form                        Transmutation/Earth          6
   Dragon Form                        Transmutation                7
 z - a book of Debilitation

   Spells                             Type                      Level
   Corona                             Hexes                        1
   *Slow                              Hexes                        2
   Inner Flame                        Hexes/Fire                   3
   Enslavement                        Hexes                        4
   Cause Fear                         Hexes                        4
   Leda's Liquefaction                Hexes/Earth                  4


   Skills:
 - Level 2.6 Fighting
 - Level 10.8 Short Blades
 - Level 3.2 Armour
 + Level 5.0 Shields


You had 5 spell levels left.
You knew the following spells:

 Your Spells              Type           Power        Failure   Level  Hunger
a - Slow                  Hex            #.......     99%         2    ###....


Dungeon Overview and Level Annotations

Branches:
Dungeon (7/15)
 Temple: D:4-7

Altars:
Elyvilon
Fedhas

Annotations:
D:3 exclusion: oklob plant
D:4 debo's ghost, experienced GrBe
D:7 Phlounder's ghost, experienced MiDK


Innate Abilities, Weirdness & Mutations

You are small and have problems with some larger weapons.
You are somewhat resistant to further mutation.


Message History

Phlounder's ghost is severely damaged.
Phlounder's ghost barely misses you.
You hit Phlounder's ghost.
Phlounder's ghost is almost destroyed.
You slash Phlounder's ghost!
Phlounder's ghost is almost destroyed.
Phlounder's ghost hits you but does no damage.
You hit Phlounder's ghost but do no damage.
Phlounder's ghost is almost destroyed.
You block Phlounder's ghost's attack.
You barely miss Phlounder's ghost.
Phlounder's ghost is almost destroyed.
You hit Phlounder's ghost but do no damage.
Phlounder's ghost is almost destroyed.
Phlounder's ghost barely misses you.
You hit Phlounder's ghost but do no damage.
Phlounder's ghost is almost destroyed.
Phlounder's ghost hits you!
* * * LOW HITPOINT WARNING * * *
You die...

#..##.# ##.# ..#
####.###.## ##..#
#..#
##....##...###...#
...#
#..............###
...#
##...........###
...####
#..######<.##
##.......# ####
##.# ##..# #.#
##W### #.# ##@##
#)###.## ###....##
###......#
##.......##
#..####..# #.##
##.# #.# #.# #.##
#.#


You could see Phlounder's ghost.

Vanquished Creatures
  The ghost of DrPain the Cutter, an average HaFi (D:3)
  2 ogres
  A scorpion (D:6)
  A yak zombie (D:7)
  2 goliath beetles (D:7)
  A hound (D:6)
  Crazy Yiuf (D:2)
  An orc priest (D:5)
  2 jellies
  An iguana (D:5)
  3 worker ants
  Ijyb (D:5)
  3 gnolls (D:2)
  4 adders
  A shadow imp (D:7)
  An iguana zombie (D:7)
  9 giant geckos
  An ooze (D:2)
  7 orcs
  A ball python (D:3)
  11 goblins
  20 hobgoblins
  8 jackals
  4 quokkas
  5 bats
  4 giant cockroaches
  5 giant newts
  A goblin zombie (D:5)
  9 kobolds
  A kobold skeleton (D:6)
  A kobold zombie (D:5)
  2 orc skeletons
  10 rats
  5 toadstools (D:3)
130 creatures vanquished.

Vanquished Creatures (others)
  10 toadstools (D:3)
10 creatures vanquished.

Grand Total: 140 creatures vanquished

Notes
Turn   | Place    | Note
--------------------------------------------------------------
     0 | D:1      | DrPain, the Halfling Fighter, began the quest for the Orb.
     0 | D:1      | Reached XP level 1. HP: 15/15 MP: 1/1
   174 | D:1      | Reached XP level 2. HP: 20/20 MP: 2/2
   459 | D:1      | Reached skill level 4 in Short Blades
   739 | D:1      | Reached XP level 3. HP: 25/25 MP: 3/3
  1813 | D:2      | Reached skill level 5 in Short Blades
  1959 | D:2      | Noticed Crazy Yiuf
  1967 | D:2      | Killed Crazy Yiuf
  1967 | D:2      | Reached XP level 4. HP: 10/30 MP: 4/4
  2392 | D:2      | Reached skill level 6 in Short Blades
  2465 | D:2      | Reached XP level 5. HP: 33/35 MP: 5/5
  2481 | D:2      | Found a white marble altar of Elyvilon.
  2897 | D:3      | Found a blossoming altar of Fedhas.
  2921 | D:3      | Noticed an oklob plant
  3144 | D:3      | Noticed DrPain's ghost (average HaFi)
  3179 | D:3      | Killed DrPain's ghost
  3179 | D:3      | Reached skill level 8 in Short Blades
  3179 | D:3      | Reached XP level 6. HP: 31/41 MP: 6/6
  4154 | D:4      | Noticed debo's ghost (experienced GrBe)
  4464 | D:4      | Reached skill level 9 in Short Blades
  4464 | D:4      | Reached XP level 7. HP: 45/45 MP: 7/7
  4683 | D:5      | Entered Level 5 of the Dungeon
  5054 | D:5      | Reached skill level 10 in Short Blades
  5739 | D:5      | Noticed Ijyb
  5764 | D:5      | Killed Ijyb
  6127 | D:5      | Reached XP level 8. HP: 51/51 MP: 8/8
  6142 | D:5      | Learned a level 2 spell: Slow
  6556 | D:7      | HP: 2/51 [yak zombie (5)]
  6911 | D:7      | HP: 2/51 [goliath beetle (22)]
  7426 | D:7      | Reached skill level 5 in Shields
  7525 | D:7      | Noticed Phlounder's ghost (experienced MiDK)
  7558 | D:7      | HP: 2/51 [Phlounder's ghost (7)]
  7558 | D:7      | Slain by Phlounder's ghost

Action                   |  1- 3 |  4- 6 |  7- 9 || total
-------------------------+-------+-------+-------++-------
Melee: Cutlass           |   119 |   251 |   397 ||   767
       Dagger            |     3 |       |       ||     3
       Flail             |       |     9 |       ||     9
Evoke: Wand              |       |       |     9 ||     9
  Use: Potion            |       |     6 |     2 ||     8
       Scroll            |       |     1 |     5 ||     6
  Eat: Chunk             |     3 |     4 |     8 ||    15
       Bread ration      |       |     1 |       ||     1
       Fruit             |       |       |     1 ||     1
       Pizza             |       |       |     1 ||     1
